 Dungeon Sprint DCSS version 0.26-a0-966-gd078a86f14 (webtiles) character file.

Game seed: 6001787376827148180

1173 Conn the Arsonist (level 8, -11/46 HPs)
             Began as an Octopode Fire Elementalist on Dec 1, 2020.
             Was a Follower of Sif Muna.
             Mangled by a deep troll (15 damage)
             ... in the Dungeon (Sprint I: "Red Sonja") on Dec 3, 2020.
             The game lasted 00:08:55 (1121 turns).

Conn the Arsonist (Octopode Fire Elementalist)      Turns: 1121, Time: 00:08:55

Health: -11/46     AC:  1    Str: 10    XL:     8   Next: 41%
Magic:  0/17       EV: 16    Int: 19    God:    Sif Muna [*.....]
Gold:   527        SH:  0    Dex: 15    Spells: 4/20 levels left

rFire    . . .     SeeInvis .   d - +2 dagger of the Shrike {drain, rElec rPois MR- Str+3 Dex+2} (curse)
rCold    . . .     Faith    .   (no shield)
rNeg     . . .     Spirit   .   (helmet restricted)
rPois    +         Reflect  .   (no amulet)
rElec    +         Harm     .   (no ring)
rCorr    .         Rampage  .   (no ring)
MR       .....     NoTele   +   (no ring)
Stlth    ++++......             (no ring)
HPRegen  0.15/turn              (no ring)
MPRegen  0.15/turn              (no ring)
                                (no ring)
                                (no ring)

@: no status effects
A: almost no armour, stealthy swim, amphibious, 8 rings, constrict 8, camouflage
1, gelatinous body 1
a: Channel Magic, Renounce Religion


You were in the Dungeon.
You worshipped Sif Muna.
Sif Muna was aware of your devotion.
You visited 1 branch You collected 702 gold pieces.
You spent 175 gold pieces at shops.

Inventory:

Hand Weapons
 d - the cursed +2 dagger of the Shrike (weapon) {drain, rElec rPois MR- Str+3 Dex+2}
   (You bought it in a shop in the Dungeon)

   A truly terrible weapon, it drains the life of those it strikes.
   It affects your strength (+3).
   It affects your dexterity (+2).
   It insulates you from electricity.
   It protects you from poison.
   It affects your resistance to hostile enchantments.
   It has a curse placed upon it.
 h - a +0 scythe
Missiles
 f - 3 curare-tipped darts (quivered)
Wands
 a - a wand of disintegration (10)
Scrolls
 c - a scroll of amnesia {unknown}
 g - a scroll of blinking
 j - a scroll of fear {unknown}
Potions
 b - 3 potions of curing
 e - 2 potions of magic
 i - a potion of degeneration {unknown}


   Skills:
 + Level 0.1 Fighting
 + Level 5.8 Dodging
 + Level 6.0 Stealth
 + Level 6.6 Spellcasting
 * Level 6.4 Conjurations
 * Level 13.7 Fire Magic


You had 4 spell levels left.
You knew the following spells:

 Your Spells              Type           Power        Failure   Level
a - Foxfire               Conj/Fire      ####         1%          1
b - Conjure Flame         Conj/Fire      #####...     1%          3
c - Inner Flame           Hex/Fire       ####....     1%          3
d - Sticky Flame          Conj/Fire      #####...     1%          4
e - Fireball              Conj/Fire      #####.....   4%          5

Your spell library contained the following spells:

 Spells                   Type           Power        Failure   Level


Dungeon Overview and Level Annotations

Branches:
Dungeon (1/1)

Altars:
Cheibriados
Dithmenos
Elyvilon
Fedhas
Gozag
Hepliaklqana
Kikubaaqudgha
Makhleb
Nemelex Xobeh
Okawaru
Qazlal
Ru
Sif Muna
Trog
Uskayaw
Vehumet
Wu Jian
Xom
Yredelemnul
Zin
The Shining One
Jiyva
Lugonu

Shops:
D *(


Innate Abilities, Weirdness & Mutations

You cannot wear most types of armour.
You are very stealthy in the water. (Stealth+)
You are amphibious.
You can wear up to eight rings at the same time.
You can use your tentacles to constrict eight enemies at once.
Your skin changes colour to match your surroundings (Stealth+).
Your rubbery body absorbs attacks. (AC +1, EV +1)


Message History

Your foxfire dissipates!
The deep troll looks more healthy.
Casting: Foxfire (safe; 1% risk of failure)
Confirm with . or Enter, or press ? or * to list all spells.
Okay, then.
There is an entrance to Qesch's Assorted Antiques here.
Casting: Foxfire (safe; 1% risk of failure)
Confirm with . or Enter, or press ? or * to list all spells.
Aiming: Sticky Flame (dangerous; 1% risk of failure)
Press: ? - help, Shift-Dir - straight line, f/p - deep troll
Aim: a deep troll (severely wounded, 0% to evade)
The sticky flame hits the deep troll.
The deep troll is almost dead.
The deep troll is covered in liquid flames!
The deep troll burns!
The deep troll bites you!!
Ouch! That really hurt!
The deep troll claws you!
* * * LOW HITPOINT WARNING * * *
The deep troll claws you!
You die...

#..#####'#####'#__
#.[####..#...#[###
#..#__####..##.#
#..#_____##'#_.+
#⌠⌠#_.∩...').._#
####_..__##_.#'#
#_____###'#.#
############.####+
#@T.......'(..'(((
###++++####...####
###.### #.#'#.#
#.....# #...[.#
#######


You could see a deep troll (burning).

Vanquished Creatures
  Sonja (D)
  A slime creature (D)
  Sigmund (D)
  A yak (D)
  An ogre (D)
  A jelly (D)
  Ijyb (D)
  2 ballistomycete spores (D)
9 creatures vanquished.

Vanquished Creatures (others)
  46 foxfires (D)
46 creatures vanquished.

Grand Total: 55 creatures vanquished

Notes
Turn   | Place    | Note
-------+----------+-------------------------------------------
     0 | D        | Conn the Octopode Fire Elementalist began the quest for the
                  | Orb.
     0 | D        | Reached XP level 1. HP: 11/11 MP: 3/3
     1 | D        | Noticed Ijyb
    16 | D        | Upgraded the game from 0.26-a0-958-gf3041fb45f to
                  | 0.26-a0-966-gd078a86f14
    22 | D        | Killed Ijyb
    23 | D        | Reached skill level 5 in Fire Magic
    23 | D        | Reached XP level 2. HP: 11/17 MP: 0/5
    23 | D        | Reached XP level 3. HP: 14/21 MP: 0/7
   119 | D        | Learned a level 3 spell: Conjure Flame
   123 | D        | Learned a level 3 spell: Inner Flame
   127 | D        | Noticed an ogre
   157 | D        | Killed an ogre
   158 | D        | Reached skill level 7 in Fire Magic
   158 | D        | Reached XP level 4. HP: 27/27 MP: 1/9
   240 | D        | Noticed Sigmund
   255 | D        | Killed Sigmund
   256 | D        | Reached skill level 10 in Fire Magic
   256 | D        | Reached XP level 5. HP: 25/31 MP: 1/11
   256 | D        | Reached XP level 6. HP: 30/36 MP: 1/12
   342 | D        | Learned a level 4 spell: Sticky Flame
   352 | D        | Found an ornate altar of the Wu Jian Council.
   352 | D        | Found a shimmering blue altar of Sif Muna.
   354 | D        | Found a radiant altar of Vehumet.
   371 | D        | Became a worshipper of Sif Muna the Loreminder
   393 | D        | Found Lyoppetai's Antique Weapon Emporium.
   393 | D        | Found an ancient bone altar of Kikubaaqudgha.
   393 | D        | Found a hazy altar of Hepliaklqana.
   393 | D        | Found a stormy altar of Qazlal.
   393 | D        | Found a hide-covered altar of Uskayaw.
   393 | D        | Found a blossoming altar of Fedhas.
   393 | D        | Found a bloodstained altar of Trog.
   393 | D        | Found an iron altar of Okawaru.
   393 | D        | Found a basalt altar of Yredelemnul.
   393 | D        | Found a glowing golden altar of the Shining One.
   393 | D        | Found a snail-covered altar of Cheibriados.
   393 | D        | Found a sacrificial altar of Ru.
   393 | D        | Found a glowing silver altar of Zin.
   393 | D        | Found a shadowy altar of Dithmenos.
   393 | D        | Found a white marble altar of Elyvilon.
   393 | D        | Noticed a yak
   410 | D        | Killed a yak
   411 | D        | Reached skill level 5 in Dodging
   411 | D        | Reached skill level 5 in Stealth
   411 | D        | Reached skill level 5 in Spellcasting
   411 | D        | Reached skill level 5 in Conjurations
   411 | D        | Reached skill level 11 in Fire Magic
   411 | D        | Reached XP level 7. HP: 24/41 MP: 8/14
   422 | D        | Found an opulent altar of Gozag.
   423 | D        | Found a sparkling altar of Nemelex Xobeh.
   427 | D        | Bought a pitted dagger for 175 gold pieces
   427 | D        | Identified the cursed +2 dagger of the Shrike {drain, rElec
                  | rPois MR- Str+3 Dex+2} (You bought it in a shop in the
                  | Dungeon)
   572 | D        | Noticed Sonja
   577 | D        | Killed Sonja
   578 | D        | Reached skill level 13 in Fire Magic
   578 | D        | Reached XP level 8. HP: 15/46 MP: 10/17
   808 | D        | Found Qesch's Assorted Antiques.
   874 | D        | Learned a level 5 spell: Fireball
   883 | D        | Found a burning altar of Makhleb.
   883 | D        | Found a viscous altar of Jiyva.
   883 | D        | Found a shimmering altar of Xom.
   883 | D        | Found a corrupted altar of Lugonu.
   883 | D        | Noticed a slime creature
   893 | D        | Killed a slime creature
   893 | D        | Reached * piety under Sif Muna
  1079 | D        | Noticed a deep troll
  1121 | D        | Mangled by a deep troll

Illustrated notes

Levels and vault maps discovered:
D:        dungeon_sprint_1 [red_sonja_temple_1, red_sonja_temple_small_1]

Skill      XL: |  1  2  3  4  5  6  7  8 |
---------------+-------------------------+-----
Dodging        | 3 4 5 |  5.8
Stealth        | 3 4 5 6 |  6.0
Fire Magic     | 5 7 10 11 13 | 13.7
Spellcasting   | 3 4 5 6 |  6.6
Conjurations   | 2 4 5 6 |  6.4
Fighting       | |  0.1

Action                   |  1- 3 |  4- 6 |  7- 9 || total
-------------------------+-------+-------+-------++-------
Melee: Unarmed           |    14 |       |       ||    14
       Tentacles         |     2 |       |     1 ||     3
       Constrict         |     1 |       |       ||     1
       Dagger            |       |       |     4 ||     4
Throw: Dart              |       |       |     6 ||     6
 Cast: Foxfire           |    11 |     9 |    12 ||    32
       Conjure Flame     |       |     1 |     1 ||     2
       Sticky Flame      |       |     1 |     4 ||     5
       Fireball          |       |       |     1 ||     1
  Use: Potion            |     2 |       |     1 ||     3
 Stab: Sleeping          |       |       |     1 ||     1
Armor: Skin              |       |       |     1 ||     1
Dodge: Dodged            |    11 |     3 |     7 ||    21

Table legend: (Time is in decaauts)
 A = Elapsed time spent in this place.
 B = Non-inter-level travel time spent in this place.
 C = Inter-level travel time spent in this place.
 D = Time resting spent in this place.
 E = Time spent auto-exploring this place.
 F = Levels seen in this place.
 G = Mean time per level.
                   A        B        C        D        E       F      G
               +--------+--------+--------+--------+--------+-----+--------+
         Total |   1112 |   1112 |      0 |    677 |      0 |   1 | 1112.0 |
       Dungeon |   1112 |   1112 |      0 |    677 |      0 |   1 | 1112.0 |
               +--------+--------+--------+--------+--------+-----+--------+

Top non-repeatable levels by time:
       D: 1112 daAuts
